 Dungeon Crawl Stone Soup version 0.31-a0-75-g6fe912e8c5 (webtiles) character file.

Game seed: 7722935541505257171

7113 SecretSquirrel the Skirmisher (level 10, 0/118 HPs)
             Began as a Demonspawn Hunter on May 23, 2023.
             Was a Believer of Dithmenos.
             Slain by a troll (7 damage)
             ... on level 10 of the Dungeon.
             The game lasted 00:27:20 (8091 turns).

SecretSquirrel the Skirmisher (Demonspawn Hunter)   Turns: 8091, Time: 00:27:20

Health: 0/118      AC: 25    Str: 18    XL:     10   Next: 85%
Magic:  0/10       EV:  2    Int: 10    God:    Dithmenos [**....]
Gold:   550        SH:  0    Dex: 28    Spells: 9/9 levels left

rFire   . . .        b - +9 sling "Bonocenn" {flame, Drain rPois Str+7}
rCold   . . .        (no shield)
rNeg    . . .        c - melded +0 leather armour
rPois   +            x - melded +0 helmet
rElec   .            v - melded +0 cloak
rCorr   .            w - melded +2 pair of gloves {Str+3}
SInv    .            i - melded +0 pair of boots
Will    .....        p - amulet of guardian spirit
Stlth   ++++         G - +6 ring of dexterity
HPRegen 0.39/turn    (no ring)
MPRegen 0.12/turn

%: guardian spirit
@: tree-form, wreathed by umbra
A: stationary, stasis, torment immunity, boosted hp, (hooves 2), (yellow scales
2), foul stench 1, powered by death 1
a: Renounce Religion, Shadow Step


You were on level 10 of the Dungeon.
You worshipped Dithmenos.
Dithmenos was pleased with you.
You were a tree.
You visited 1 branch of the dungeon, and saw 11 of its levels.

You collected 550 gold pieces.

Inventory:

Hand Weapons
 a - a +0 shortbow
 b - the +9 sling "Bonocenn" (weapon) {flame, Drain rPois Str+7}
   (You took it off a hobgoblin on level 3 of the Dungeon)

   Str:       It affects your strength (+7).
   rPois:     It protects you from poison.
   Drain:     It drains your maximum health when unequipped.
 j - the +5 mace of Axilo {elec, rN++ Dex-4}
   (You took it off a hobgoblin on level 3 of the Dungeon)

   Dex:       It affects your dexterity (-4).
   rN:        It greatly protects you from negative energy.
 q - a +1 orcbow
 C - a +2 dagger of speed
Missiles
 m - 21 poisoned darts
Armour
 c - a +0 leather armour (melded)
 i - a +0 pair of boots (melded)
 v - a +0 cloak (melded)
 w - a +2 pair of gloves of strength (melded)
 x - a +0 helmet (melded)
 D - a scarf of invisibility
Jewellery
 h - an amulet of reflection
 p - an amulet of guardian spirit (around neck)
 B - the Hermit's Pendant {Faith Invo=14 Evo=0 MP+5}
   (You found it on level 7 of the Dungeon)

   [amulet of faith]

   Invo=14: It sets your Invocations skill to 14.
   Evo=0: It sets your Evocations skill to 0.
   It allows you to gain divine favour quickly.
   MP:        It affects your magic capacity (+5).
 G - a +6 ring of dexterity (left branch)
Wands
 y - a wand of polymorph (4)
 F - a wand of flame (4)
Scrolls
 d - 2 scrolls of magic mapping
 g - a scroll of enchant weapon
 l - 3 scrolls of immolation
Potions
 e - a potion of lignification
 f - 4 potions of curing
 k - 3 potions of enlightenment
 o - 2 potions of heal wounds {unknown}
 r - 5 potions of magic {unknown}
 s - 4 potions of might {unknown}
 t - a potion of brilliance {unknown}
 u - 2 potions of mutation {unknown}
 z - 2 potions of haste
 A - a potion of invisibility {unknown}
 E - a potion of berserk rage {unknown}


   Skills:
 + Level 7.5 Fighting
 + Level 12.3 Ranged Weapons
 + Level 6.5 Dodging
 - Level 4.0 Stealth


You had 9 spell levels left.
You didn't know any spells.
Your spell library contained the following spells:

 Spells                   Type           Power      Damage    Failure   Level
 Apportation              Tloc           0%         N/A       36%         1
 Kiss of Death            Conj/Necr      0%         2d5       36%         1
 Necrotise                Necr           0%         1d4       36%         1
 Summon Small Mammal      Summ           0%         N/A       36%         1
 Blink                    Tloc           0%         N/A       50%         2
 Lesser Beckoning         Tloc           0%         N/A       50%         2
 Momentum Strike          Conj/Tloc      0%         3d8       50%         2
 Scorch                   Fire           0%         2d5       50%         2
 Sublimation of Blood     Necr           0%         N/A       50%         2
 Confusing Touch          Hex            0%         N/A       75%         3
 Dazzling Flash           Conj/Hex       0%         N/A       75%         3
 Vampiric Draining        Necr           0%         2d6       75%         3
 Dispel Undead            Necr           0%         3d6       98%         4
 Flame Wave               Conj/Fire      0%         2d4       98%         4
 Manifold Assault         Tloc           0%         N/A       98%         4
 Agony                    Necr           0%         N/A       100%        5
 Iskenderun's Battlesphe  Conj           0%         2d6       100%        5
 Silence                  Hex/Air        0%         N/A       100%        5
 Iron Shot                Conj/Erth      0%         9d1       100%        6
 Simulacrum               Ice/Necr       0%         N/A       100%        6
 Starburst                Conj/Fire      0%         6d3       100%        6
 Summon Cactus Giant      Summ           0%         N/A       100%        6
 Spellforged Servitor     Conj/Summ      0%         N/A       100%        7
 Storm Form               Tmut/Air       0%         N/A       100%        7


Dungeon Overview and Level Annotations

Branches:
Dungeon (11/15)            Temple (0/1) D:7            Lair (0/5) D:9
    Orc: D:9-12

Altars:
Ashenzari
Dithmenos
Hepliaklqana
Okawaru
Vehumet
Yredelemnul

Shops:
D:9 (

Annotations:
D:9 1 runed translucent door


Innate Abilities, Weirdness & Mutations

You are a tree.
Your roots penetrate the ground, keeping you stationary.
You cannot be teleported.
You are immune to unholy pain and torment.
Your maximum health is greatly increased.
Your equipment is partially melded.
((You have hoof-like feet.))
((You are mostly covered in yellow scales. (AC +3)))
You may rarely emit foul miasma when damaged in melee.
You regenerate a little health from kills.


Message History

The steam dragon claws you but does no damage.
You shoot a sling bullet. The sling bullet hits the steam dragon!
The sling bullet burns the steam dragon.
The steam dragon is severely wounded.
The orc priest calls down the wrath of Beogh upon you.
Beogh smites you! The steam dragon breathes steam at you.
The ball of steam hits you!
The orc priest calls down the wrath of Beogh upon you.
Beogh smites you!
The orc priest invokes the aid of Beogh against you.
Beogh smites you!
* * * LOW HITPOINT WARNING * * *
You shoot a sling bullet.
The sling bullet closely misses the steam dragon.
The sling bullet closely misses the orc warrior.
You shoot a sling bullet. The sling bullet hits the steam dragon.
The sling bullet burns the steam dragon.
The steam dragon is almost dead.
The orc warrior misses you. The steam dragon bites you!
* * * LOW HITPOINT WARNING * * *
The steam dragon misses you.
As you read the scroll of fog, it crumbles to dust.
The scroll dissolves into smoke.
The orc warrior closely misses you. The steam dragon closely misses you.
The steam dragon misses you.
Really quaff the potion of lignification?
You turn into a tree.
Your +0 cloak melds into your body.
Your +0 helmet melds into your body.
Your +2 pair of gloves of strength melds into your body.
Your +0 pair of boots melds into your body.
Your +0 leather armour melds into your body.
You feel weaker.
Your roots penetrate the ground.
The orc warrior hits you from afar with a +0 glaive!
* * * LOW HITPOINT WARNING * * *
The steam dragon breathes steam at you. The ball of steam hits you!
* * * LOW HITPOINT WARNING * * *
The troll bites you!
You die...

........ .. . ##
#......### .. ..
... ........ o♣...
.[. ...>..# )..).>
#.#
#.#.#.####..♣...
#.#
#.#......o......
#. #.##.#§§§§.?).#
#.# #.#.#§§T§..###
..# ##..§§♣Do..#
#.# ##.#.##§§§..#
#.###.##.##§§§###
#.###.#.###.##...#
#...........##...#
######.#######...#
#....).......
#.###.###.#.##
#######.#.......


You could see a troll, a steam dragon (catching breath) and an orc warrior.

Vanquished Creatures
  A two-headed ogre (D:10)
  A manticore (D:7)
  4 gargoyles (D:9)
  A komodo dragon (D:9)
  A kobold demonologist (D:9)
  11 yaks
  A basilisk (D:9)
  A steam dragon (D:9)
  2 water moccasins
  An orc warrior (D:9)
  A sky beast (D:8)
  2 black bears (D:6)
  An ice beast (D:3)
  2 kobold brigands
  A bullfrog (D:6)
  A gnoll sergeant (D:7)
  A scorpion (D:4)
  3 wights (D:8)
  5 killer bees (D:7)
  2 howler monkeys
  7 jellies
  3 hounds
  A quasit (D:6)
  5 orc priests
  Crazy Yiuf (D:4)
  2 sleepcaps
  4 orc wizards
  An iguana (D:6)
  4 gnolls
  10 adders
  7 river rats (D:6)
  2 shadow imps (D:6)
  6 white imps
  3 ufetubi (D:6)
  6 worms
  3 dart slugs
  28 orcs
  7 endoplasms
  7 giant cockroaches
  15 hobgoblins
  7 jackals
  4 quokkas
  4 ball pythons
  A bat (D:1)
  11 goblins
  10 kobolds
  13 rats
215 creatures vanquished.

Vanquished Creatures (others)
  A scorpion (D:5)
1 creature vanquished.

Grand Total: 216 creatures vanquished

Notes
Turn   | Place    | Note
-------+----------+-------------------------------------------
     0 | D:1      | SecretSquirrel the Demonspawn Hunter began the quest for
                  | the Orb.
     0 | D:1      | Reached XP level 1. HP: 16/16 MP: 1/1
     9 | D:1      | Noticed a minotaur zombie
    13 | D:1      | Noticed a demonspawn zombie
    39 | D:1      | Reached skill level 1 in Stealth
   112 | D:1      | Gained mutation: You have large cloven feet. [demonic
                  | ancestry]
   112 | D:1      | Reached XP level 2. HP: 22/22 MP: 2/2
   837 | D:2      | Gained mutation: You are partially covered in yellow
                  | scales. (AC +2) [demonic ancestry]
   837 | D:2      | Reached XP level 3. HP: 27/27 MP: 3/3
  1112 | D:2      | Gained mutation: You may rarely emit foul miasma when
                  | damaged in melee. [demonic ancestry]
  1112 | D:2      | Reached XP level 4. HP: 29/33 MP: 4/4
  1634 | D:3      | Found a faded altar of an unknown god.
  1654 | D:3      | Identified the +9 sling "Bonocenn" {flame, Drain rPois
                  | Str+7}
  1654 | D:3      | Identified the +5 mace of Axilo {elec, rN++ Dex-4}
  1879 | D:3      | Noticed an ice beast
  1887 | D:3      | Killed an ice beast
  1888 | D:3      | Reached skill level 4 in Ranged Weapons
  1888 | D:3      | Reached XP level 5. HP: 41/41 MP: 5/5
  2082 | D:3      | Reached skill level 5 in Ranged Weapons
  2088 | D:3      | Reached XP level 6. HP: 47/47 MP: 6/6
  2314 | D:5      | Entered Level 5 of the Dungeon
  2695 | D:4      | Reached skill level 6 in Ranged Weapons
  2707 | D:4      | Gained mutation: You regenerate a little health from kills.
                  | [demonic ancestry]
  2707 | D:4      | Reached XP level 7. HP: 52/52 MP: 7/7
  2800 | D:4      | Found a runed translucent door.
  2801 | D:4      | Noticed Crazy Yiuf
  2806 | D:4      | Killed Crazy Yiuf
  3271 | D:6      | Reached skill level 7 in Ranged Weapons
  3428 | D:6      | Reached skill level 8 in Ranged Weapons
  3437 | D:6      | Gained mutation: You have hoof-like feet. [demonic
                  | ancestry]
  3437 | D:6      | Reached XP level 8. HP: 48/58 MP: 5/8
  3535 | D:6      | Found a shadowy altar of Dithmenos.
  3543 | D:6      | Became a worshipper of Dithmenos the Shadowed
  3574 | D:6      | Found a basalt altar of Yredelemnul.
  3576 | D:6      | Identified a scroll of acquirement
  3576 | D:6      | Acquired a +2 pair of gloves of strength
  3795 | D:6      | Reached skill level 9 in Ranged Weapons
  4132 | D:7      | Reached * piety under Dithmenos
  4270 | D:5      | Reached skill level 10 in Ranged Weapons
  4287 | D:6      | HP: 1/58 [yak (10)]
  4693 | D:5      | Reached XP level 9. HP: 49/64 MP: 7/9
  4823 | D:5      | Found a radiant altar of Vehumet.
  4830 | D:5      | Found a hazy altar of Hepliaklqana.
  4833 | D:5      | Found a broken altar of Ashenzari.
  5184 | D:7      | Found an iron altar of Okawaru.
  5394 | D:7      | Found a staircase to the Ecumenical Temple.
  5753 | D:7      | Noticed a manticore
  5763 | D:7      | Killed a manticore
  5764 | D:7      | Reached skill level 11 in Ranged Weapons
  5870 | D:7      | Found a faded altar of an unknown god.
  5870 | D:7      | Found the Hermit's Pendant {Faith Invo=14 Evo=0 MP+5}
  6146 | D:7      | Reached skill level 5 in Fighting
  6747 | D:8      | Got Keodeaca's Volume of Thrice Damned Blessings
  6763 | D:8      | Reached ** piety under Dithmenos
  7068 | D:9      | Found Ucseen's Antique Weapon Shoppe.
  7187 | D:10     | Entered Level 10 of the Dungeon
  7205 | D:9      | Gained mutation: You are mostly covered in yellow scales.
                  | (AC +3) [demonic ancestry]
  7205 | D:9      | Reached XP level 10. HP: 74/74 MP: 10/10
  7232 | D:9      | Reached skill level 5 in Dodging
  7284 | D:9      | Found a staircase to the Lair.
  7511 | D:9      | Found a runed translucent door.
  7516 | D:9      | Noticed a green very ugly thing
  7547 | D:9      | Noticed a gargoyle
  7550 | D:9      | Killed a gargoyle
  7571 | D:9      | Noticed a gargoyle
  7578 | D:9      | Killed a gargoyle
  7579 | D:9      | Reached skill level 12 in Ranged Weapons
  7622 | D:9      | Noticed a gargoyle
  7626 | D:9      | Killed a gargoyle
  7651 | D:9      | Noticed a gargoyle
  7655 | D:9      | Killed a gargoyle
  7953 | D:9      | Noticed a brown ugly thing
  7953 | D:9      | Noticed a centaur warrior
  8053 | D:10     | Noticed a two-headed ogre
  8059 | D:10     | Killed a two-headed ogre
  8091 | D:10     | Slain by a troll

Illustrated notes

Levels and vault maps discovered:
D:1:      shiori_arrival_whats_in_store_for_you, layout_loops_ring
D:2:      layout_basic
D:3:      layout_loops_ring, dreamdust_ecumenical_altar_statues
D:4:      minmay_skewed_foursquare, layout_gridville, minmay_misc_feat_alley,
          uniq_crazy_yiuf_cottage
D:5:      layout_loops_ring, minitemple, hangedman_abyss_or_decor_stagger,
          nrook_campfire, chequers_arboretum, lemuel_flame_loot_1
D:6:      layout_basic, mainiacjoe_overflow_catch_the_wave, serial_demonic,
          serial_demonic_d, serial_demonic_a, serial_demonic_e,
          serial_demonic_f, serial_demonic_f, lightli_sewer_entry_pipes,
          kennysheep_generic_room_2
D:7:      layout_layer_cave, old_standard_altar, minmay_temple_entry_waves,
          hellmonk_guarded_unrand_hermit
D:8:      layout_loops_ring
D:9:      cheibrodos_statue_roulette, layout_cross, tso_oasis_becter,
          david_lair_shrubbed, serial_shops, shop, minivault_13
D:10:     layout_loops_ring, grunt_ministairs_9, minivault_8
D:11:     layout_basic, orc_0_dummy, okawaru_metal_pillars_1_2

Skill      XL: |  1  2  3  4  5  6  7  8  9 10 |
---------------+-------------------------------+-----
Stealth        | 2 3 4 |  4.0
Fighting       | 3 5 7 |  7.5
Ranged Weapons | 4 5 6 8 10 11 12 | 12.3
Dodging        | 2 4 6 |  6.5

Action                     |  1- 3 |  4- 6 |  7- 9 | 10-12 || total
---------------------------+-------+-------+-------+-------++-------
  Melee: Sling             |       |       |       |     2 ||     2
   Fire: Shortbow          |   131 |    28 |       |       ||   159
         Sling             |       |    88 |   269 |    83 ||   440
    Use: Scroll            |     4 |     4 |     5 |     2 ||    15
         Potion            |       |       |       |     1 ||     1
 Armour: Leather armour    |    21 |    10 |    46 |     5 ||    82
  Dodge: Dodged            |    30 |    20 |    75 |    20 ||   145
  Block: Other             |     9 |     3 |       |       ||    12
         Reflection        |     1 |       |       |       ||     1

Table legend: (Time is in decaauts)
 A = Elapsed time spent in this place.
 B = Non-inter-level travel time spent in this place.
 C = Inter-level travel time spent in this place.
 D = Time resting spent in this place.
 E = Time spent auto-exploring this place.
 F = Levels seen in this place.
 G = Mean time per level.
                   A        B        C        D        E       F      G
               +--------+--------+--------+--------+--------+-----+--------+
         Total |   8161 |   7706 |    455 |    622 |   5503 |  11 |  741.9 |
       Dungeon |   8161 |   7706 |    455 |    622 |   5503 |  11 |  741.9 |
               +--------+--------+--------+--------+--------+-----+--------+

Top non-repeatable levels by time:
     D:6: 1408 daAuts
     D:7: 1281 daAuts
     D:9: 926 daAuts
     D:3: 861 daAuts
     D:4: 856 daAuts
     D:1: 848 daAuts
     D:5: 732 daAuts
     D:2: 587 daAuts
     D:8: 545 daAuts
    D:10: 112 daAuts
    D:11: 1 daAuts
